 Dungeon Crawl Stone Soup version 0.23.2-40-g277498a (webtiles) character file.

Game seed: 11489115346318620477

235 LittleTurtle the Conjurer (level 5, -1/42 HPs)
             Began as a Deep Elf Conjurer on Sept 20, 2019.
             Was an Initiate of Vehumet.
             Slain by a slave (8 damage)
             ... led by Pikel
             ... on level 2 of the Dungeon.
             The game lasted 00:13:33 (4285 turns).

LittleTurtle the Conjurer (Deep Elf Conjurer)       Turns: 4285, Time: 00:13:34

Health: -1/42      AC:  2    Str: 10    XL:     5   Next: 76%
Magic:  1/13       EV: 13    Int: 21    God:    Vehumet [......]
Gold:   138        SH:  2    Dex: 15    Spells: 8/13 levels left

rFire    . . .     SeeInvis .   (no weapon)
rCold    . . .     Gourm    .   (no shield)
rNeg     . . .     Faith    .   a - +0 robe
rPois    .         Spirit   .   (no helmet)
rElec    .         Reflect  +   (no cloak)
rCorr    .         Harm     .   (no gloves)
MR       .....                  (no boots)
Stlth    ..........             k - +2 amulet of reflection (curse)
HPRegen  0.14/turn              (no ring)
MPRegen  0.13/turn              (no ring)

@: berserking, flying, very slightly contaminated, very quick
A: no striking features
a: Renounce Religion


You were on level 2 of the Dungeon.
You worshipped Vehumet.
Vehumet was noncommittal.
You were very hungry.

You visited 1 branch of the dungeon, and saw 4 of its levels.

You collected 138 gold pieces.

Inventory:

Armour
 a - a +0 robe (worn)
Jewellery
 k - a cursed +2 amulet of reflection (around neck)
 n - an uncursed ring of stealth {unknown}
Wands
 m - a wand of polymorph (10)
Scrolls
 b - 4 scrolls of fear {unknown}
 d - 3 scrolls of teleportation {unknown}
 f - 2 scrolls of identify {unknown}
 j - 3 scrolls of remove curse {unknown}
 l - 2 scrolls of magic mapping {unknown}
 o - a scroll of amnesia {unknown}
Potions
 e - a potion of might
 i - a potion of flight
Comestibles
 c - 2 rations


   Skills:
 + Level 2.9 Dodging
 + Level 3.0 Stealth
 * Level 4.5 Spellcasting
 * Level 6.8 Conjurations


You had 8 spell levels left.
You knew the following spells:

 Your Spells              Type           Power        Failure   Level  Hunger
a - Magic Dart            Conj           ####         1%          1    None
b - Iskenderun's Mystic   Conj           ####....     7%          4    ####...

Your spell library contained the following spells:

 Spells                   Type           Power        Failure   Level  Hunger
 Searing Ray              Conj           ####..       1%          2    #......
 Dazzling Spray           Conj/Hex       ###...       9%          3    ##.....
 Force Lance              Conj/Tloc      ###.....     28%         4    ####...
 Fulminant Prism          Conj/Hex       ###.......   28%         4    ####...


Dungeon Overview and Level Annotations

Branches:
Dungeon (4/15)
 Temple: D:4-7

Altars:
Cheibriados
Dithmenos
Vehumet
The Shining One

Annotations:
D:4 Pikel


Message History

The slave is moderately wounded.
The slave hits you.
* * * LOW HITPOINT WARNING * * *
It was a potion of flight.
You feel very buoyant.
You fly up into the air.
The slave closely misses you.
It was a potion of curing.
You feel better. The slave hits you.
It was a potion of berserk rage.
A red film seems to cover your vision as you go berserk!
You feel yourself moving faster!
You feel mighty! The slave hits you!
* * * LOW HITPOINT WARNING * * *
You hit the slave.
The slave is heavily wounded.
The slave barely misses you.
You hit the slave.
The slave is heavily wounded.
You barely miss the slave.
The slave is heavily wounded.
The slave hits you!
You die...

#.## #.# #.
#.# #.# #. #.#
#.# #. #.# #.#
#. #.# #.# #.
#.# #.# #. #.#
#.# #. # #.#
#.# #. # #.#
#@############
#( ##### #.#
#.p..........#
#. #...## #.#
############.#
#. ....(## #.#
#.####.
......###.#
#......
..........#
#.#####
......#####
#.# # .....##
#.# # #...##
#.#####


You could see a slave.

Vanquished Creatures
  2 orc priests (D:3)
  A worker ant (D:4)
  4 gnolls (D:3)
  4 adders
  2 worms
  4 dart slugs
  A leopard gecko (D:1)
  3 orcs (D:3)
  2 giant cockroaches
  4 hobgoblins
  6 jackals
  A quokka (D:3)
  A ball python (D:3)
  5 bats
  2 frilled lizards
  10 goblins
  11 kobolds
  5 rats
68 creatures vanquished.

Notes
Turn   | Place    | Note
-------+----------+-------------------------------------------
     0 | D:1      | LittleTurtle the Deep Elf Conjurer began the quest for the
                  | Orb.
     0 | D:1      | Reached XP level 1. HP: 10/10 MP: 6/6
   185 | D:1      | Reached XP level 2. HP: 15/15 MP: 4/8
   361 | D:1      | Reached skill level 5 in Conjurations
   503 | D:1      | Found a glowing golden altar of the Shining One.
  1278 | D:2      | Reached XP level 3. HP: 18/19 MP: 7/9
  1305 | D:2      | Found a snail-covered altar of Cheibriados.
  1989 | D:2      | Found a radiant altar of Vehumet.
  1990 | D:2      | Found a shadowy altar of Dithmenos.
  1996 | D:2      | Became a worshipper of Vehumet
  2176 | D:3      | Reached XP level 4. HP: 24/24 MP: 8/11
  2665 | D:2      | Learned a level 4 spell: Iskenderun's Mystic Blast
  2914 | D:3      | Reached skill level 6 in Conjurations
  3371 | D:3      | Reached XP level 5. HP: 28/28 MP: 0/12
  4240 | D:4      | Noticed Pikel
  4240 | D:4      | Noticed a slave
  4240 | D:4      | Noticed a slave
  4240 | D:4      | Noticed a slave
  4240 | D:4      | Noticed a slave
  4285 | D:2      | Slain by a slave

Skill      XL: |  1  2  3  4  5 |
---------------+----------------+-----
Conjurations   | 5 6 |  6.8
Stealth        | 3 |  3.0
Spellcasting   | 4 |  4.5
Dodging        | |  2.9

Action                   |  1- 3 |  4- 6 || total
-------------------------+-------+-------++-------
Melee: Unarmed           |       |     6 ||     6
 Cast: Magic Dart        |    87 |    63 ||   150
       Iskenderun's Myst |       |    13 ||    13
  Use: Potion            |       |     6 ||     6
  Eat: Chunk             |     3 |     2 ||     5
       Ration            |       |     2 ||     2
Armor: Robe              |     6 |     2 ||     8
Dodge: Dodged            |    22 |    12 ||    34
Block: Other             |       |     1 ||     1
